 Dungeon Crawl Stone Soup version 0.28-a0-1080-g05a166d0ed (webtiles) character file.

Game seed: 14366038882120893379

23151 freelancePsychic the Fighter (level 13, -1/82 HPs)
             Began as a Kobold Ice Elementalist on Dec 9, 2021.
             Was a Priest of Qazlal.
             Slain by a minotaur (30 damage)
             ... in a Gauntlet.
             The game lasted 00:37:57 (18494 turns).

freelancePsychic the Fighter (KoIE)                Turns: 18494, Time: 00:37:58

Health: -1/82      AC: 15    Str:  9    XL:     13   Next: 33%
Magic:  18/26      EV: 14    Int: 21    God:    Qazlal [***...]
Gold:   599        SH:  9    Dex: 15    Spells: 14/30 levels left

rFire   + + .      SeeInvis .   u - +3 Elemental Staff {rElec rF++ rC++ AC+5}
rCold   + + +      Faith    .   (shield currently unavailable)
rNeg    . . .      Spirit   .   D - +0 troll leather armour
rPois   .          Reflect  +   s - +0 helmet
rElec   +          Harm     .   e - +0 cloak
rCorr   +          Rampage  .   I - +1 pair of gloves
Will    .....      Clarity  +   (no boots)
Stlth   ++........ NoTele   +   j - amulet of reflection
HPRegen 1.03/turn               l - ring of flight
MPRegen 0.20/turn               a - ring of the Endless Expanse {rC+ rCorr Str+3 Slay+3}

@: flying, hasted, very quick
A: small, no large weapons, nightstalker 3, iridescent scales 1, clarity
a: Renounce Religion, Upheaval, Elemental Force


You were in a Gauntlet.
You worshipped Qazlal.
Qazlal was most pleased with you.
You visited 3 branches of the dungeon, and saw 15 of its levels.
You also visited: Gauntlet.

You collected 778 gold pieces.
You spent 179 gold pieces at shops.

Inventory:

Hand Weapons
 c - a +0 dagger
 u - the +3 Elemental Staff (weapon) {rElec rF++ rC++ AC+5}
   (You found it on level 7 of the Dungeon)

   If the wielder is skilled in Evocations, they can discharge powerful blasts
   of elemental energy when striking with it.
   It enhances your fire, ice, earth and air magic.
   AC:        It affects your AC (+5).
   rF:        It greatly protects you from fire.
   rC:        It greatly protects you from cold.
   rElec:     It insulates you from electricity.
Missiles
 B - 2 throwing nets
Armour
 e - a +0 cloak (worn)
 s - a +0 helmet (worn)
 D - a +0 troll leather armour (worn)
 I - a +1 pair of gloves (worn)
 Q - a +1 pair of boots of flying
Magical Staves
 h - a staff of cold
Jewellery
 a - the ring of the Endless Expanse (right hand) {rC+ rCorr Str+3 Slay+3}
   (You acquired it on level 10 of the Dungeon)

   [ring of protection from cold]

   Str:       It affects your strength (+3).
   Slay:      It affects your accuracy & damage with ranged weapons and melee
   (+3).
   rC:        It protects you from cold.
   rCorr:     It protects you from acid and corrosion.
 j - an amulet of reflection (around neck)
 l - a ring of flight (left hand)
 y - an amulet of faith
 z - a ring of willpower
 E - a ring of protection from fire
 T - a +6 ring of dexterity
Wands
 r - a wand of charming (7)
 A - a wand of flame (12)
 C - a wand of acid (9)
 F - a wand of polymorph (4)
 L - a wand of iceblast (6)
Scrolls
 b - 4 scrolls of enchant armour
 f - a scroll of teleportation {@r4}
 n - a scroll of vulnerability
 o - 2 scrolls of immolation
 p - a scroll of brand weapon
 q - 2 scrolls of magic mapping
 t - 6 scrolls of identify {@r1}
 w - 2 scrolls of silence
 x - 3 scrolls of amnesia
 N - 3 scrolls of fog {unknown}
Potions
 d - 2 potions of attraction
 g - a potion of lignification
 k - a potion of haste {@q3}
 m - a potion of mutation
 v - 2 potions of berserk rage {unknown}
 G - a potion of heal wounds {unknown}
 H - a potion of brilliance {unknown}
 J - a potion of cancellation {unknown}
 M - 2 potions of curing {@q1}
 O - 2 potions of magic {unknown}
 P - a potion of invisibility {unknown}
 R - a potion of might {unknown}
Miscellaneous
 S - a condenser vane


   Skills:
 + Level 10.2 Fighting
 - Level 2.4 Dodging
 - Level 2.6 Stealth
 + Level 9.2 Spellcasting
 - Level 8.9 Conjurations
 - Level 10.0 Ice Magic
 - Level 7.0 Air Magic
 - Level 7.5 Invocations
 + Level 8.0 Evocations


You had 14 spell levels left.
You knew the following spells:

 Your Spells              Type           Power      Damage    Failure   Level
a - Freeze                Ice            100%       1d11      1%          1
b - Frozen Ramparts       Ice            100%       1d12      1%          3
c - Ozocubu's Armour      Ice            67%        N/A       1%          3
d - Hailstorm             Conj/Ice       65%        3d14      1%          4
e - Freezing Cloud        Conj/Ice/Air   40%        6-21      8%          5

Your spell library contained the following spells:

 Spells                   Type           Power      Damage    Failure   Level
 Magic Dart               Conj           100%       1d8       1%          1
 Searing Ray              Conj           94%        2d7       1%          2
 Corpse Rot               Necr/Air       72%        N/A       3%          2
 Poisonous Vapours        Pois/Air       72%        N/A       3%          2
 Airstrike                Air            28%        N/A       5%          4
 Animate Skeleton         Necr           18%        N/A       10%         1
 Apportation              Tloc           18%        N/A       10%         1
 Slow                     Hex            36%        N/A       10%         1
 Summon Small Mammal      Summ           36%        N/A       10%         1
 Lightning Bolt           Conj/Air       30%        1d47      11%         5
 Blink                    Tloc           18%        N/A       16%         2
 Fulminant Prism          Conj/Hex       14%        3d9       16%         4
 Summon Lightning Spire   Summ/Air       36%        N/A       24%         4
 Call Canine Familiar     Summ           9%         N/A       30%         3
 Confusing Touch          Hex            9%         N/A       30%         3
 Lesser Beckoning         Tloc           9%         N/A       30%         3
 Portal Projectile        Hex/Tloc       18%        N/A       30%         3
 Leda's Liquefaction      Hex/Erth       7%         N/A       69%         4
 Simulacrum               Ice/Necr       23%        N/A       88%         6
 Manifold Assault         Tloc           9%         N/A       95%         5
 Yara's Violent Unravell  Hex/Tmut       4%         3d4       95%         5
 Storm Form               Tmut/Air       18%        N/A       100%        7
 Maxwell's Capacitive Co  Air            28%        ∞         100%        8
 Polar Vortex             Ice            33%        N/A       100%        9


Dungeon Overview and Level Annotations

Branches:
Dungeon (11/15)            Temple (1/1) D:6            Lair (3/6) D:9
Gauntlet (1/1)
  Swamp: Lair:2-4    Shoals: Lair:2-4     Snake: Lair:2-4    Spider: Lair:2-4
    Orc: D:9-12

Altars:
Ashenzari
Dithmenos
Fedhas
Gozag
Makhleb
Okawaru
Qazlal
Ru
Uskayaw
Zin

Shops:
D:8 *   D:10 *

Annotations:
D:4 5 runed translucent doors, exclusion: necrophage, Crazy Yiuf, Eustachio Gauntlet 4 transporters, exclusion: ice statue


Innate Abilities, Weirdness & Mutations

You are small and have problems with some larger weapons.
You are completely attuned to the shadows.
You are partially covered in iridescent scales. (AC +2)
You possess an exceptional clarity of mind.


Message History

The floor.
Unknown command.
Blink to where?
Press: ? - help, Dir - move target Your frozen ramparts will break if you move.
Continue?
The frozen ramparts melt away as you move.
As you read the scroll of blinking, it crumbles to dust.
As you read the scroll of summoning, it crumbles to dust.
Wisps of shadow whirl around you...
Something closely misses your small abomination.
Something barely misses your small abomination.
Your white imp is engulfed in freezing vapours.
Your small abomination is engulfed in freezing vapours.
Your small abomination hits the minotaur!
You swap places.
Something hits your small abomination!!!
Something burns your small abomination.
Your small abomination is destroyed!
Your small abomination dissolves into shadows!
Your white imp is engulfed in freezing vapours.
The minotaur throws a javelin.
The javelin barely misses your crimson imp.
The javelin pierces through you!
* * * LOW HITPOINT WARNING * * *
Your crimson imp hits the minotaur.
Something hits your crimson imp. Something gores your crimson imp!
Your crimson imp dies!
Your crimson imp dissolves into shadows!
You are too injured to fight recklessly!
Unknown command.
Okay, then.
You feel yourself speed up.
Aiming: Upheaval
Press: ? - help, Dir - move target, f - minotaur
Aim: a minotaur, wielding a +3 spear of flaming, wearing a +0 plate armour, wearing a ring of protection from cold and quivering javelins (heavily wounded, fast)
The ground shakes violently, spewing rubble!
The blast of rubble hits the minotaur!!
The minotaur is severely wounded.
The minotaur hits you from afar with a +3 spear of flaming!!
You die...

####.H..#.#.8.#..#≈≈.≈
#.H.5##.#.#...#..#[...
#.#####H#.#...#..#####
#H# #.#.#.©.#≈...... #.#
..#.....#∩§..... ###.#
#.#.©.#≈§..... #.#.####
#.#...#..#####
#.#..H.####.#...#..#....
#.####.@....#.8.#..#.^^#
#....######.#...#..#....
####........# 8.#..#)#..
########## ..#..#©.##
8§#..#.#.. ###..#....
###..#.^^# #8#..#....
###..#####


You could see a minotaur (fast).

Vanquished Creatures
  A hydra (Lair:1)
  A boulder beetle (D:11)
  A catoblepas (Lair:2)
  3 two-headed ogres
  An oklob plant (Gauntlet)
  A centaur zombie (D:10)
  11 elephants
  A torpor snail (Gauntlet)
  4 cane toads
  A gargoyle (D:9)
  A kobold demonologist (D:10)
  3 rime drakes
  5 komodo dragons (Lair:2)
  2 trolls
  5 blink frogs (Lair:2)
  2 wyverns
  27 yaks
  3 basilisks
  2 steam dragons (D:8)
  2 swamp worms (Gauntlet)
  3 acid dragons
  4 water moccasins
  3 orc warriors
  2 necrophages
  A black bear (D:6)
  8 wolves (Lair:2)
  4 ogres (D:6)
  6 centaurs
  A kobold brigand (D:9)
  2 gnoll sergeants
  A scorpion (D:6)
  8 bullfrogs
  3 killer bees (D:11)
  4 wights (D:8)
  2 electric eels (D:9)
  2 howler monkeys (D:8)
  2 jellies
  A bullfrog zombie (D:5)
  A hound (D:6)
  An orc priest (D:10)
  2 bullfrog skeletons (D:6)
  4 iguanas
  7 orc wizards
  2 killer bee zombies
  A hound zombie (D:5)
  A howler monkey skeleton (D:6)
  8 gnolls
  4 adders
  An ufetubus (D:6)
  2 adder skeletons (D:4)
  2 worms
  6 dart slugs
  23 orcs
  3 endoplasms
  2 giant cockroaches
  4 goblins
  5 hobgoblins
  2 jackals (D:1)
  14 kobolds
  5 quokkas
  8 ball pythons
  2 bats (D:1)
  9 frilled lizards
  5 rats
258 creatures vanquished.

Vanquished Creatures (collateral kills)
  A hornet zombie (D:8)
1 creature vanquished.

Vanquished Creatures (others)
  8 fungi
  36 plants
44 creatures vanquished.

Grand Total: 303 creatures vanquished

Notes
Turn   | Place    | Note
-------+----------+-------------------------------------------
     0 | D:1      | freelancePsychic the Kobold Ice Elementalist began the
                  | quest for the Orb.
     0 | D:1      | Reached XP level 1. HP: 10/10 MP: 3/3
   388 | D:1      | Reached XP level 2. HP: 16/16 MP: 3/5
   451 | D:1      | Reached skill level 1 in Fighting
   760 | D:1      | Found a faded altar of an unknown god.
   827 | D:1      | Reached XP level 3. HP: 19/20 MP: 2/6
   991 | D:1      | Learned a level 3 spell: Frozen Ramparts
  1321 | D:1      | Learned a level 3 spell: Ozocubu's Armour
  2138 | D:2      | Reached XP level 4. HP: 17/26 MP: 5/8
  2403 | D:2      | Reached skill level 1 in Conjurations
  2994 | D:3      | Noticed a water moccasin
  3015 | D:3      | Killed a water moccasin
  3016 | D:3      | Reached XP level 5. HP: 31/31 MP: 1/10
  3393 | D:3      | Noticed a centaur
  3400 | D:3      | Killed a centaur
  3401 | D:3      | Reached skill level 5 in Ice Magic
  3401 | D:3      | Reached XP level 6. HP: 19/37 MP: 6/11
  3810 | D:4      | Found a large runed translucent door.
  3810 | D:4      | Found a large runed translucent door.
  3813 | D:4      | Noticed a steam dragon
  3817 | D:4      | Noticed a steam dragon
  3852 | D:4      | Noticed Eustachio
  3943 | D:4      | Reached XP level 7. HP: 20/41 MP: 0/13
  4703 | D:4      | Found a sacrificial altar of Ru.
  4886 | D:4      | Found a runed translucent door.
  4889 | D:4      | Noticed Crazy Yiuf
  5193 | D:4      | Found a large runed translucent door.
  5195 | D:4      | Found a large runed translucent door.
  5455 | D:5      | Entered Level 5 of the Dungeon
  5462 | D:5      | Noticed a water moccasin
  5468 | D:5      | Killed a water moccasin
  5878 | D:5      | Identified the +1 scale mail "Sugeuh" {Int+4}
  6030 | D:5      | Noticed a yak
  6031 | D:5      | Noticed a yak
  6037 | D:5      | Killed a yak
  6038 | D:5      | Reached XP level 8. HP: 40/48 MP: 8/15
  6041 | D:5      | Killed a yak
  6168 | D:5      | Noticed a yak
  6168 | D:5      | Noticed a yak
  6175 | D:5      | Noticed a yak
  6178 | D:5      | Noticed a yak
  6180 | D:5      | Killed a yak
  6180 | D:5      | Killed a yak
  6181 | D:5      | Reached skill level 5 in Fighting
  6181 | D:5      | Reached skill level 5 in Spellcasting
  6182 | D:5      | Killed a yak
  6184 | D:5      | Killed a yak
  6185 | D:5      | Reached XP level 9. HP: 30/55 MP: 5/17
  7046 | D:6      | Reached skill level 5 in Conjurations
  7051 | D:6      | Learned a level 4 spell: Hailstorm
  7648 | D:6      | Found an opulent altar of Gozag.
  7671 | D:6      | Found a staircase to the Ecumenical Temple.
  7681 | D:6      | Reached skill level 1 in Air Magic
  7683 | Temple   | Entered the Ecumenical Temple
  7743 | Temple   | Became a worshipper of Qazlal Stormbringer
  8098 | D:6      | Reached skill level 1 in Invocations
  8229 | D:6      | Noticed a boulder beetle
  8460 | D:7      | Found the +3 Elemental Staff {rElec rF++ rC++ AC+5}
  9413 | D:7      | Reached XP level 10. HP: 56/61 MP: 15/19
  9459 | D:7      | Learned a level 5 spell: Freezing Cloud
  9928 | D:8      | Reached * piety under Qazlal
 10010 | D:8      | Found Typug's General Store.
 10015 | D:8      | Bought a scroll of blinking for 112 gold pieces
 10015 | D:8      | Bought a +0 pair of gloves for 67 gold pieces
 10281 | D:8      | Noticed a centaur warrior
 10293 | D:8      | Noticed a deep elf pyromancer
 10323 | D:8      | Noticed a centaur warrior
 10395 | D:8      | Found a blossoming altar of Fedhas.
 11030 | D:8      | Noticed a brown ugly thing
 11031 | D:8      | Noticed a deep elf pyromancer
 11170 | D:9      | Noticed a two-headed ogre
 11211 | D:9      | Killed a two-headed ogre
 11364 | D:9      | Noticed a two-headed ogre
 11368 | D:9      | Killed a two-headed ogre
 11576 | D:9      | Reached skill level 5 in Invocations
 11675 | D:9      | Noticed a gargoyle
 12055 | D:9      | Found a glowing silver altar of Zin.
 12397 | D:9      | Found a staircase to the Lair.
 12540 | D:9      | Killed a gargoyle
 12541 | D:9      | Reached skill level 5 in Air Magic
 12541 | D:9      | Reached XP level 11. HP: 64/66 MP: 8/20
 12868 | D:10     | Entered Level 10 of the Dungeon
 12943 | D:10     | Found Tiam's General Store.
 13170 | D:10     | Reached ** piety under Qazlal
 13637 | D:10     | Identified a scroll of acquirement
 13638 | D:10     | Acquired the ring of the Endless Expanse {rC+ rCorr Str+3
                  | Slay+3}
 14160 | D:11     | Noticed a boulder beetle
 14170 | D:11     | Gained mutation: You have a pair of small horns on your
                  | head. [potion of mutation]
 14170 | D:11     | Gained mutation: You are dopey. (Int -2) [potion of
                  | mutation]
 14170 | D:11     | Gained mutation: You are somewhat resistant to further
                  | mutation. [potion of mutation]
 14171 | D:11     | Killed a boulder beetle
 14223 | D:11     | Lost mutation: You are dopey. (Int -2) [potion of mutation]
 14223 | D:11     | Lost mutation: You have a pair of small horns on your head.
                  | [potion of mutation]
 14223 | D:11     | Lost mutation: You are somewhat resistant to further
                  | mutation. [potion of mutation]
 14223 | D:11     | Gained mutation: You possess an exceptional clarity of
                  | mind. [potion of mutation]
 14223 | D:11     | Gained mutation: You are partially covered in iridescent
                  | scales. (AC +2) [potion of mutation]
 14322 | D:11     | Noticed a two-headed ogre
 14325 | D:11     | Killed a two-headed ogre
 14559 | D:11     | Reached skill level 10 in Ice Magic
 14565 | D:11     | Reached XP level 12. HP: 71/71 MP: 14/21
 14956 | Lair:1   | Entered Level 1 of the Lair of Beasts
 15257 | Lair:1   | Noticed a seven-headed hydra
 15264 | Lair:1   | Killed a seven-headed hydra
 15265 | Lair:1   | Reached skill level 1 in Evocations
 16460 | Lair:2   | Reached *** piety under Qazlal
 16526 | Lair:2   | Noticed a catoblepas
 16533 | Lair:2   | Killed a catoblepas
 16534 | Lair:2   | Reached skill level 5 in Evocations
 17422 | Lair:2   | Reached XP level 13. HP: 80/80 MP: 15/25
 17830 | Lair:3   | Found a gate leading to a gauntlet.
 17841 | Gauntlet | Entered a Gauntlet
 17851 | Gauntlet | Noticed a reaper
 17892 | Gauntlet | Found a transporter.
 17928 | Gauntlet | Found a transporter.
 17951 | Gauntlet | Found a transporter.
 17954 | Gauntlet | Found a transporter.
 17961 | Gauntlet | Found a transporter.
 17978 | Gauntlet | Found a transporter.
 18004 | Gauntlet | Found a transporter.
 18018 | Gauntlet | Found a transporter.
 18043 | Gauntlet | Found a transporter.
 18068 | Gauntlet | Found a transporter.
 18155 | Gauntlet | Found a transporter.
 18250 | Gauntlet | Found a transporter.
 18351 | Gauntlet | Reached skill level 10 in Fighting
 18474 | Gauntlet | Noticed a minotaur
 18494 | Gauntlet | Slain by a minotaur

Illustrated notes

Levels and vault maps discovered:
D:1:      dpeg_arrival_brainrot, layout_loops_ring,
          shapermc_ecumenical_altar_totnotflames, minmay_misc_feat_alley,
          chequers_serial_rivers_small_b, hex_medium, minmay_misc_feat_hallway
D:2:      layout_basic
D:3:      layout_basic
D:4:      corexii_shack_village, layout_basic, nicolae_ru_sacrificial_ziggurat,
          minmay_hollow_rounded_squares, uniq_crazy_yiuf_cottage, uniq_eustachio
D:5:      layout_basic, ebering_dispersal_statue_hall, minivault_25
D:6:      layout_basic, grunt_gozag_statues, minmay_temple_entry_hall,
          grunt_potential
D:7:      layout_layer_cave, kennysheep_generic_room_10
D:8:      layout_basic, fedhas_altar_3, serial_shops, nicolae_shop_trees,
          hangedman_glass_teeth, st_stairs_12, minivault_12
D:9:      layout_layer_cave, zin_statuary, david_lair_shrubbed, minivault_14,
          minivault_20, palyth_stone_intersect
D:10:     layout_roguey, serial_shops, shop
D:11:     layout_small_grid
Temple:   mainiacjoe_temple_coin_purse
Lair:1:   layout_hall_layers
Lair:2:   layout_cave_pods, nicolae_lair_lil_pond
Lair:3:   nzn_winding_woodlands_small [nzn_winding_woodlands_5x15_eye,
          nzn_winding_woodlands_center_lodge,
          nzn_winding_woodlands_5x15_concentric], layout_cave_shapes,
          gauntlet_entry_generic, hangedman_lair_generics_rect
Gauntlet: gammafunk_gauntlet_shortcut [gammafunk_gauntlet_arena_spirals,
          nicolae_gauntlet_arena_flowing_pool, gammafunk_gauntlet_arena_mazey,
          gammafunk_gauntlet_arena_split_x, nicolae_gauntlet_arena_blocks,
          nicolae_gauntlet_arena_t_cross, dreamdust_gauntlet_exit_labyrinth]

Skill      XL: |  1  2  3  4  5  6  7  8  9 10 11 12 13 |
---------------+----------------------------------------+-----
Fighting       | 1 2 3 4 5 6 9 10 | 10.2
Spellcasting   | 3 4 5 6 8 9 |  9.2
Conjurations   | 1 2 3 4 6 7 8 |  8.9
Ice Magic      | 5 6 7 8 10 | 10.0
Air Magic      | 2 5 6 7 |  7.0
Invocations    | 2 5 7 |  7.5
Evocations     | 6 8 |  8.0
Dodging        | |  2.4
Stealth        | |  2.6

Action                   |  1- 3 |  4- 6 |  7- 9 | 10-12 | 13-15 || total
-------------------------+-------+-------+-------+-------+-------++-------
Melee: Dagger            |    28 |     4 |       |       |       ||    32
       Staff             |       |       |   142 |   120 |    35 ||   297
 Cast: Freeze            |    36 |    37 |    46 |     7 |       ||   126
       Frozen Ramparts   |       |     7 |    22 |    12 |     1 ||    42
       Ozocubu's Armour  |       |     1 |     7 |     7 |       ||    15
       Hailstorm         |       |       |    11 |    40 |       ||    51
       Freezing Cloud    |       |       |       |    44 |     9 ||    53
Invok: Upheaval          |       |       |       |       |     1 ||     1
Evoke: Wand              |       |       |       |     1 |       ||     1
  Use: Potion            |       |     1 |     1 |     5 |     1 ||     8
       Scroll            |       |       |    13 |     5 |     3 ||    21
 Stab: Sleeping          |    13 |     4 |     3 |       |       ||    20
Armor: Robe              |     3 |     2 |    29 |    11 |       ||    45
       Skin              |       |       |     2 |       |       ||     2
       Troll leather arm |       |       |       |    55 |    25 ||    80
Dodge: Dodged            |    22 |    22 |   129 |    82 |    26 ||   281
Block: Other             |       |       |    36 |    62 |    25 ||   123
       Reflection        |       |       |       |     7 |       ||     7

Table legend: (Time is in decaauts)
 A = Elapsed time spent in this place.
 B = Non-inter-level travel time spent in this place.
 C = Inter-level travel time spent in this place.
 D = Time resting spent in this place.
 E = Time spent auto-exploring this place.
 F = Levels seen in this place.
 G = Mean time per level.
                   A        B        C        D        E       F      G
               +--------+--------+--------+--------+--------+-----+--------+
         Total |  18554 |  18131 |    423 |   1380 |  14394 |  16 | 1159.6 |
       Dungeon |  14923 |  14563 |    360 |   1260 |  11430 |  11 | 1356.6 |
        Temple |     73 |     60 |     13 |      0 |     50 |   1 |   73.0 |
          Lair |   2896 |   2848 |     48 |     85 |   2521 |   3 |  965.3 |
      Gauntlet |    660 |    660 |      0 |     35 |    393 |   1 |  660.0 |
               +--------+--------+--------+--------+--------+-----+--------+

Top non-repeatable levels by time:
     D:9: 1835 daAuts
     D:1: 1758 daAuts
     D:4: 1651 daAuts
     D:5: 1589 daAuts
  Lair:2: 1566 daAuts
     D:8: 1460 daAuts
  Lair:1: 1299 daAuts
     D:6: 1284 daAuts
     D:7: 1209 daAuts
    D:10: 1139 daAuts
     D:3: 1033 daAuts
     D:2: 1018 daAuts
    D:11: 944 daAuts
Gauntlet: 660 daAuts
  Temple: 73 daAuts
